[Event "*** Titled Tuesday Blitz"]
[Site "Chess.com"]
[Date "2021.03.30"]
[Round "4"]
[White "crazyluzhinTh3"]
[Black "Bathory44"]
[Result "1/2-1/2"]
[WhiteElo "2517"]
[BlackElo "2667"]
[TimeControl "180+1"]
[EndTime "10:39:05 PDT"]
[Termination "Game drawn by repetition"]

1. e4 c5 2. Nf3 e6 3. d3 Nc6 4. g3 d5 5. Qe2 Nge7 6. Bg2 g6 7.
h4 h6 8. c3 Bg7 9. e5 Qc7 10.
Bf4 b6 11. a4 Bb7 12. Na3 a6 13. d4 Na5 14. O-O c4 15. g4 O-O-O 16. Bg3 h5 17. g5 Nf5 18. Bh3 Bc6 19. Nc2 Nb3 20. Ra2 Qd7 21.
Nb4 a5 22. Nxc6 Qxc6 23. Bxf5 gxf5 24. Nd2 Bf8 25. Nxb3 cxb3 26. Raa1 Qc4 27. Qf3 Kb7 28. Bf4 Be7 29. Kh2 Rc8 30. Rfd1 Ka7 31. Rd2 Rb8 32.
Qd1 Ka6 33. Qf3 b5 34. axb5+ Rxb5 35. Rdd1 a4 36. Qd3 Qxd3 37. Rxd3 Ra5 38. Bc1 Kb5 39. Kg2 Kc4 40. Rg3 Rg8 41. Kh3 Ra7 42. Rg1 Ra6 43.
Rg3 Ra7 44. Kg2 Ra6 45. Kh3 Ra7 1/2-1/2

[Event "*** Titled Tuesday Blitz"]
[Site "Chess.com"]
[Date "2021.03.30"]
[Round "4"]
[White "Eliwood44"]
[Black "IsaacWiebe"]
[Result "1-0"]
[WhiteElo "2505"]
[BlackElo "2301"]
[TimeControl "180+1"]
[EndTime "10:39:06 PDT"]
[Termination "Eliwood44 won by resignation"]

1. d4 d5 2. Nf3 Nf6 3. c4 dxc4 4.
e3 a6 5. Bxc4 e6 6. O-O b5 7.
Bd3 Bb7 8. a4 b4 9. Nbd2 c5 10. Nb3 Nbd7 11. Bd2 cxd4 12. exd4 Be7 13. a5 O-O 14. Qe2 Nd5 15. Ne5 Bf6 16. Rfc1 Qe7 17. Nxd7 Qxd7 18. Nc5 Qe7 19. Nxb7 Qxb7 20. Qe4 g6 21. h4 Rfc8 22. h5 Rxc1+ 23. Rxc1 Rc8 24. Re1 Bg7 25. hxg6 hxg6 26. Bf4 Qc6 27. Be5 Ne7 28. Qh4 Nf5 29. Bxf5 exf5 30. Qe7 Re8 31. Qxb4 Bxe5 32. dxe5 Qc7 33. f4 Rb8 34. Qd4 Qb7 35. e6 Re8 36. exf7+ Qxf7 37. Rxe8+ Qxe8 38. Qf6 Qe1+ 39.
Kh2 Qe3 40. Qxg6+ Kh8 41. Qh5+ Kg8 42. Qxf5 Qe1 43. Qg4+ Kh8 44. Qh3+ Kg8 45. Qg3+ Qxg3+ 46. Kxg3 Kf7 47. Kf3 Kf6 48. g4 Kf7 49. Ke4 Kf6 50.
Kd5 Kf7 51. Kc6 Kf6 52. Kb6 Kf7 53. Kxa6 Kf6 1-0

[Event "*** Titled Tuesday Blitz"]
[Site "Chess.com"]
[Date "2021.03.30"]
[Round "4"]
[White "Synctel"]
[Black "Michaelson_11"]
[Result "1-0"]
[WhiteElo "2018"]
[BlackElo "2237"]
[TimeControl "180+1"]
[EndTime "10:39:07 PDT"]
[Termination "Synctel won by resignation"]

1. e4 e6 2. d4 d5 3. Nd2 c5 4.
Ngf3 Nc6 5. exd5 exd5 6. Bb5 Qe7+ 7. Be2 Qc7 8. O-O Nf6 9. Bb5 Be6 10. Ne5 Bd6 11.
Ndf3 cxd4 12. Qxd4 O-O 13. Nxc6 bxc6 14. Bd3 c5 15. Qh4 c4 16. Be2 Ne4 17. c3 f6 18.
Nd4 Bd7 19. f3 Nc5 20. Be3 Rae8 21. Bf2 Be5 22. Rfe1 g5 23. Qh6 Bc8 24. Bf1 Qg7 25. Qxg7+ Kxg7 26. Rad1 Bb7 27. Nf5+ Kg6 28. Bxc5 Kxf5 29.
Bxf8 Rxf8 30. g3 Rc8 31. Bh3+ 1-0

[Event "*** Titled Tuesday Blitz"]
[Site "Chess.com"]
[Date "2021.03.30"]
[Round "4"]
[White "Rytenko_V"]
[Black "elextranjero00"]
[Result "1/2-1/2"]
[WhiteElo "2411"]
[BlackElo "2600"]
[TimeControl "180+1"]
[EndTime "10:39:09 PDT"]
[Termination "Game drawn by repetition"]

1. d4 Nf6 2. c4 e6 3. Nc3 Bb4 4. Bd2 O-O 5. Nf3 b6 6. g3 Bb7 7. Bg2 d6 8. O-O Nbd7 9. a3 Bxc3 10. Bxc3 Ne4 11. Qc2 Nxc3 12. Qxc3 Be4 13. Nd2 Bxg2 14. Kxg2 e5 15. e4 f5 16. dxe5 Nxe5 17. Nf3 Nxf3 18. Qxf3 f4 19. Qg4 Qf6 20. b4 f3+ 21. Kh1 Rae8 22.
Rae1 Qc3 23. Re3 Qxc4 24. Rfe1 Qf7 25. Rc1 Re7 26. Rcc3 Qg6 27. Qh4 Qe6 28. h3 Ref7 29. Qg4 Qxg4 30. hxg4 Rf6 31. Rxc7 R8f7 32. Rc8+ Rf8 33.
Rc7 R8f7 34. Rc8+ Rf8 35. Rc7 1/2-1/2

[Event "*** Titled Tuesday Blitz"]
[Site "Chess.com"]
[Date "2021.03.30"]
[Round "4"]
[White "MustafayevFarid2004"]
[Black "Volodar_Murzin"]
[Result "0-1"]
[WhiteElo "2518"]
[BlackElo "2759"]
[TimeControl "180+1"]
[EndTime "10:39:10 PDT"]
[Termination "Volodar_Murzin won by checkmate"]

1. d4 Nf6 2. c4 g6 3. Nc3 Bg7 4. e4 O-O 5. f4 d6 6. Nf3 c5 7. d5 e6 8. Be2 exd5 9. cxd5 Nbd7 10. O-O Re8 11. Nd2 c4 12. Bf3 Nc5 13. e5 dxe5 14.
fxe5 Rxe5 15. Nxc4 Re8 16. Bg5 h6 17. Bf4 Nfe4 18.
Nxe4 Nxe4 19. Re1 Qf6 20. Be5 Rxe5 21. Bxe4 Re8 22. Kh1 Bd7 23. Qb3 b5 24. Na5 Qxb2 25. Qxb2 Bxb2 26. Bc2 Bc3 27. Rxe8+ Rxe8 28. Rf1 Bxa5 29.
g3 Bc7 30. Bb3 Bd6 31. Kg2 Kg7 32. Rc1 a5 33. a3 a4 34. Ba2 Re2+ 35. Kf3 Rxa2 36.
Rb1 Rxa3+ 37. Kg2 Rb3 38. Rd1 a3 39. Rc1 a2 40. Ra1 Rb2+ 41. Kf3 b4 42. Ke3 b3 43.
Kd3 Rb1 44. Kc3 Be5+ 45. Kc4 Bxa1 46. Kc5 Be5 47. Kb6 Rc1 48. Kb7 b2 49. d6 b1=Q+ 50. Ka8 a1=Q# 0-1

[Event "*** Titled Tuesday Blitz"]
[Site "Chess.com"]
[Date "2021.03.30"]
[Round "4"]
[White "MasterKroket"]
[Black "ARMQUEEN"]
[Result "1-0"]
[WhiteElo "2517"]
[BlackElo "2301"]
[TimeControl "180+1"]
[EndTime "10:39:10 PDT"]
[Termination "MasterKroket won by checkmate"]

1. d4 Nf6 2. c4 c5 3. d5 e6 4. Nc3 exd5 5. cxd5 d6 6. e4 g6 7. Nf3 a6 8. a4 Bg4 9. Be2 Bxf3 10.
Bxf3 Bg7 11. O-O O-O 12. Bf4 Qe7 13. Re1 Nbd7 14. a5 Ne5 15. Be2 Nfd7 16. Qd2 h5 17. h3 Kh7 18. Be3 f5 19. f4 fxe4 20. fxe5 Qxe5 21. Rf1 Rae8 22. Kh1 Qg3 23. Bf4 Qh4 24. Bg5 Qg3 25. Qe3 Qe5 26. Bf4 Qe7 27. Bg5 Qe5 28.
Rxf8 Rxf8 29. Rf1 Nf6 30. Bf4 Qe7 31. Qg3 Ne8 32. Bg5 Rxf1+ 33. Bxf1 Qf7 34. Qf4 Qd7 35.
Nxe4 Be5 36. Qf8 Ng7 37. Qe7 Qf5 38. Bd3 c4 39. Nf6+ Qxf6 40. Bxf6 cxd3 41. Qxg7# 1-0

[Event "*** Titled Tuesday Blitz"]
[Site "Chess.com"]
[Date "2021.03.30"]
[Round "4"]
[White "Aslanov_Umid"]
[Black "politeplayer"]
[Result "1-0"]
[WhiteElo "2420"]
[BlackElo "2228"]
[TimeControl "180+1"]
[EndTime "10:39:10 PDT"]
[Termination "Aslanov_Umid won on time"]

1. e4 c5 2. Nf3 d6 3. d4 cxd4 4. Nxd4 Nf6 5. Nc3 g6 6. Be3 Bg7 7. f3 Nc6 8. Qd2 Bd7 9. O-O-O O-O 10. g4 Rb8 11. h4 Nxd4 12. Bxd4 b5 13. h5 Qa5 14.
Kb1 b4 15. Ne2 Be6 16. b3 Rfc8 17. hxg6 fxg6 18. Nf4 Bf7 19. Qh2 e5 20. g5 exd4 21. gxf6 Bxf6 22. Qxh7+ Kf8 23. Nxg6+ Ke8 24. Rh5 Qa3 25.
Nh8 Bxb3 26. cxb3 Qb2+ 27. Kxb2 d3+ 28. Kb1 Rc2 29. Qg8+ Kd7 30. Qf7+ Be7 31. Bxd3 1-0

[Event "*** Titled Tuesday Blitz"]
[Site "Chess.com"]
[Date "2021.03.30"]
[Round "4"]
[White "mbojan"]
[Black "FairChess_on_YouTube"]
[Result "0-1"]
[WhiteElo "2662"]
[BlackElo "3006"]
[TimeControl "180+1"]
[EndTime "10:39:11 PDT"]
[Termination "FairChess_on_YouTube won on time"]

1. e4 c5 2. Nf3 d6 3. d4 cxd4 4. Nxd4 Nf6 5. Nc3 Bd7 6. Be2 Nc6 7. O-O g6 8. Be3 Bg7 9. Qd2 O-O 10. Nxc6 Bxc6 11.
Bf3 Nd7 12. Bh6 Bxh6 13. Qxh6 Qb6 14. Rab1 Rfc8 15. Bg4 Qd8 16. f4 Rc7 17. Bxd7 Rxd7 18. f5 Qf8 19. Qh3 Qg7 20. Kh1 Rc7 21. a4 Rac8 22.
Rbe1 Qe5 23. Qh4 Qg7 24. f6 exf6 25. Rxf6 Rd7 26. Ref1 Re8 27. Qh3 Re5 28. Nd5 Rxe4 29. b4 Rd8 30. Rxf7 Qxf7 0-1

[Event "*** Titled Tuesday Blitz"]
[Site "Chess.com"]
[Date "2021.03.30"]
[Round "4"]
[White "comsac"]
[Black "FoggyMorning"]
[Result "0-1"]
[WhiteElo "2384"]
[BlackElo "2600"]
[TimeControl "180+1"]
[EndTime "10:39:12 PDT"]
[Termination "FoggyMorning won by resignation"]

1. e4 c5 2. c3 Nf6 3. e5 Nd5 4. d4 cxd4 5. Nf3 d6 6. cxd4 Nc6 7. Bc4 e6 8. O-O Be7 9. a3 O-O 10. Qe2 Bd7 11. Bd3 Rc8 12. Qe4 f5 13. exf6 Nxf6 14.
Qh4 d5 15. Nc3 Ne4 16. Qh5 g6 17. Qh6 Rxf3 18. gxf3 Bg5 19. Qh3 Bxc1 20. Raxc1 Nd2 21. Rfd1 Nxd4 22. Rxd2 Qg5+ 23. Qg2 Nxf3+ 24. Kh1 Qxg2+ 25. Kxg2 Nxd2 26. Rd1 Nc4 27. Bxc4 Rxc4 28. Re1 Kf7 29. f3 Bc6 30. Kf2 d4 31. Ne2 Rc2 32. Kg3 e5 33. f4 d3 34. Nc3 Rg2+ 35. Kh3 exf4 36. Rd1 d2 37. Nb1 f3 38. Rxd2 Ke7 39. Rd3 Bd7+ 40.
Kh4 Rg4+ 41. Kh3 Rd4+ 42. Kg3 Rxd3 43. Nc3 Rd2 44. Kxf3 Rxb2 45. Kf4 Rb3 46. Ne4 Rxa3 47. Ng5 Ra4+ 48. Kg3 h5 49. Nf3 Rg4+ 50. Kf2 a5 51. Ne5 Rf4+ 52. Ke3 Rf6 53. Nc4 Re6+ 54. Kd4 a4 55. Kc3 Rc6 0-1

[Event "*** Titled Tuesday Blitz"]
[Site "Chess.com"]
[Date "2021.03.30"]
[Round "4"]
[White "tptagain"]
[Black "RzayevB"]
[Result "1-0"]
[WhiteElo "2818"]
[BlackElo "2528"]
[TimeControl "180+1"]
[EndTime "10:39:13 PDT"]
[Termination "tptagain won by resignation"]

1. Nf3 Nc6 2. d4 d5 3. Bf4 Bg4 4. Nbd2 e6 5. e3 Bd6 6. Bxd6 cxd6 7. Be2 Nf6 8. h3 Bh5 9. O-O O-O 10. a3 e5 11. c3 Rc8 12. Ne1 Bxe2 13. Qxe2 Re8 14. Qd1 Ne4 15. Nd3 Qg5 16. Nb4 Nxd2 17. Qxd2 e4 18.
Qe2 Re6 19. f4 exf3 20. Qxf3 Qxe3+ 21. Qxe3 Rxe3 22. Nxd5 Re2 23. Rf2 Rce8 24. Kf1 Rxf2+ 25. Kxf2 Na5 26. Nc7 Re7 27. Nb5 Nc4 28. b3 Nd2 29.
Nxd6 Nxb3 30. Re1 Kf8 31. Rxe7 Kxe7 32. Nxb7 Kd7 33. Ke3 Kc7 34. Nc5 Nxc5 35. dxc5 Kc6 36. Kd4 a5 37. a4 f5 38. h4 g6 39. Kc4 h6 40. g3 g5 41. h5 f4 42. gxf4 gxf4 43.
Kd4 f3 44. Ke3 Kxc5 45. Kxf3 Kc4 46. Kf4 Kxc3 47. Kf5 Kb4 48. Kg6 Kxa4 49. Kxh6 Kb3 50. Kg5 a4 51. h6 a3 52. h7 Kb2 53. h8=Q+ Kb1 54. Qh1+ Kb2 55. Qg2+ Kb1 56. Qf1+ Kb2 57. Qe2+ Kb1 58. Qe1+ Kb2 59. Qb4+ Ka2 60. Kf4 Ka1 61. Qxa3+ Kb1 1-0

[Event "*** Titled Tuesday Blitz"]
[Site "Chess.com"]
[Date "2021.03.30"]
[Round "4"]
[White "Yurovskykh_Oleksandr"]
[Black "XDPS"]
[Result "0-1"]
[WhiteElo "2521"]
[BlackElo "2789"]
[TimeControl "180+1"]
[EndTime "10:39:14 PDT"]
[Termination "XDPS won by resignation"]

1. d4 d5 2. Bf4 e6 3. e3 Bd6 4.
Bg3 Nf6 5. Nf3 O-O 6. Nbd2 c5 7. Bxd6 Qxd6 8. dxc5 Qxc5 9. c4 Nc6 10. Rc1 Qe7 11.
cxd5 Nxd5 12. Bc4 Nb6 13. Be2 e5 14. O-O Be6 15. a3 Rfd8 16. Qc2 Rac8 17. Qe4 f5 18. Qb1 e4 19. Nd4 Nxd4 20. exd4 Rxd4 21. Rxc8+ Nxc8 22. Rd1 Qd6 23. Nf1 Rxd1 24. Qxd1 Qxd1 25. Bxd1 Kf7 26. g3 Kf6 27. h4 h6 28. Ne3 g5 29.
hxg5+ hxg5 30. Kf1 Ke5 31. Ke1 Nd6 32. Kd2 f4 33.
gxf4+ gxf4 34. Ng2 Bh3 35. Ne1 Nf5 36. Kc3 Nd4 37.
Nc2 Nxc2 38. Bxc2 e3 39. fxe3 f3 40. Kb4 f2 41. Bd3 Bf5 42. Bf1 Ke4 43. Kc5 Kxe3 44. Kd6 Be4 45. Kc7 a6 46. Kb6 Kd2 47. b4 Ke1 48.
Bh3 Bf3 49. b5 axb5 50. Kxb5 Be2+ 51. Kb6 Ba6 52. a4 f1=Q 53. Bxf1 Kxf1 54. Kc5 Ke1 55. a5 Kd2 56. Kb4 Kd3 57. Kb3 Kd4 58. Kb4 Kd5 59. Kb3 Kc5 60. Ka4 Kc4 0-1

[Event "*** Titled Tuesday Blitz"]
[Site "Chess.com"]
[Date "2021.03.30"]
[Round "4"]
[White "PlotnikovPavel"]
[Black "Mazetovic"]
[Result "1-0"]
[WhiteElo "2513"]
[BlackElo "2682"]
[TimeControl "180+1"]
[EndTime "10:39:14 PDT"]
[Termination "PlotnikovPavel won on time"]

1. e4 Nf6 2. e5 Nd5 3. d4 d6 4. exd6 cxd6 5. Nf3 g6 6. Be2 Bg7 7. O-O O-O 8. c4 Nb6 9. Be3 Bg4 10. Nbd2 Nc6 11. h3 Bxf3 12. Nxf3 d5 13. c5 Nc8 14. Rc1 e6 15. Qd2 N8e7 16. g4 f5 17. b4 a6 18. a4 Qc7 19. Bf4 Qd8 20. g5 Re8 21. h4 a5 22. b5 Nb4 23. Be5 Bxe5 24. Nxe5 f4 25. Bg4 Nf5 26. Bxf5 exf5 27. Qxf4 Re6 28.
Rc3 Qe7 29. Kg2 Re8 30. Rh1 Qc7 31. Re1 Kg7 32. Re2 h6 33. Rg3 h5 34. Rge3 b6 35.
Nxg6 Qxf4 36. Nxf4 Re4 37. Nxh5+ Kg6 38. Nf4+ Kf7 39.
Rxe4 dxe4 40. c6 Ke7 41. d5 Kd6 42. g6 Ke5 43. Kg3 1-0

[Event "*** Titled Tuesday Blitz"]
[Site "Chess.com"]
[Date "2021.03.30"]
[Round "4"]
[White "hleol"]
[Black "MaevskiyNikolay"]
[Result "0-1"]
[WhiteElo "2358"]
[BlackElo "2529"]
[TimeControl "180+1"]
[EndTime "10:39:14 PDT"]
[Termination "MaevskiyNikolay won by resignation"]

1. d4 d5 2. c4 Nc6 3. cxd5 Qxd5 4. e3 e5 5. Nc3 Bb4 6. Bd2 Bxc3 7. bxc3 Qd6 8. Bd3 Nf6 9. f3 O-O 10. Ne2 b6 11. O-O Bb7 12. Ng3 g6 13. Qe1 Rfe8 14.
Qf2 Rad8 15. Rad1 Na5 16. e4 c5 17. d5 c4 18. Bc2 Nd7 19. Bg5 f6 20. Be3 Qa3 21. Qd2 Bc8 22. f4 Qe7 23. f5 g5 24.
Bxg5 fxg5 25. f6 Qf7 26. Qxg5+ Kh8 27. Nh5 Rg8 28. Qh4 Nf8 29. Ng7 Nb7 30. Rde1 Nd6 31. Bd1 Ng6 32. Qh6 Rxg7 33. fxg7+ Qxg7 34. Qg5 Rg8 35. Qf6 Nf4 36. Qxg7+ Rxg7 37. g3 Bh3 38. Rf3 Bg4 39.
Rfe3 Nd3 40. Rf1 Bxd1 41. Rxd1 Rg4 42. Rf1 Kg7 43. h3 Rxe4 44. Rxe4 Nxe4 45. Kg2 Nd6 46. Kf3 Kf6 47. Ke3+ Ke7 48. g4 Nf4 49. h4 Nxd5+ 50.
Kd2 Ne4+ 51. Kc2 Ne3+ 52. Kb2 Nxf1 0-1

[Event "*** Titled Tuesday Blitz"]
[Site "Chess.com"]
[Date "2021.03.30"]
[Round "4"]
[White "chenrip"]
[Black "pavelalexandru07"]
[Result "1-0"]
[WhiteElo "2470"]
[BlackElo "2289"]
[TimeControl "180+1"]
[EndTime "10:39:14 PDT"]
[Termination "chenrip won by resignation"]

1. e4 c5 2. Nf3 d6 3. Bb5+ Bd7 4. a4 Nf6 5. Nc3 e6 6. O-O Nc6 7. d4 cxd4 8. Nxd4 a6 9. Bxc6 bxc6 10. e5 dxe5 11. Nf3 Qc7 12. Re1 Bd6 13. Qe2 O-O 14. Nxe5 Nd5 15. Nd1 Rfd8 16. h3 Be8 17. Nc4 Bc5 18.
Bg5 f6 19. Bh4 Bf7 20. Nde3 Nxe3 21. Nxe3 Qb6 22. Nc4 Qc7 23. c3 e5 24. b4 Ba7 25.
Rad1 c5 26. b5 axb5 27. axb5 Rab8 28. Rxd8+ Qxd8 29. Nxe5 Qe7 30. Nc6 Qxe2 31. Rxe2 Rb7 32. Rb2 Bc4 33. Nxa7 Rxa7 34. b6 Rb7 35. Bg3 Kf7 36.
Bc7 Bd5 37. Rd2 Ke6 38. f4 Bc6 39. Rd6+ Kf5 1-0

[Event "*** Titled Tuesday Blitz"]
[Site "Chess.com"]
[Date "2021.03.30"]
[Round "4"]
[White "suneebaker"]
[Black "kekic76"]
[Result "0-1"]
[WhiteElo "2126"]
[BlackElo "2391"]
[TimeControl "180+1"]
[EndTime "10:39:14 PDT"]
[Termination "kekic76 won by resignation"]

1. Nf3 d5 2. g3 c6 3. Bg2 Nf6 4. O-O Bf5 5. c4 e6 6. d3 h6 7.
b3 Be7 8. Bb2 O-O 9. Nbd2 a5 10.
Re1 Na6 11. e4 Bh7 12. e5 Nd7 13. d4 Nb4 14. Bc3 Nc2 15. Rc1 Nxe1 16. Qxe1 Bb4 17. Bb2 a4 18. a3 Bxd2 19. Nxd2 axb3 20. Nxb3 Nb6 21. cxd5 Nxd5 22. Nc5 Qe7 23. Be4 Bxe4 24. Nxe4 Rfd8 25. Rc5 Ra4 26. Qd1 Rda8 27. Qg4 Kh7 28. h4 Nb6 29. Bc1 Rc4 30. Bg5 Qf8 31. Bxh6 gxh6 32. Nf6+ Kh8 33. Qe4 Qg7 34. h5 Rxc5 35.
dxc5 Nd5 36. Qf3 Nxf6 37. exf6 Qg5 38. Qb3 Qxf6 39. Qxb7 Rxa3 40. Qb8+ Kg7 41. Qd6 Ra2 0-1

[Event "*** Titled Tuesday Blitz"]
[Site "Chess.com"]
[Date "2021.03.30"]
[Round "4"]
[White "Smile2005"]
[Black "CheckThis4"]
[Result "0-1"]
[WhiteElo "2445"]
[BlackElo "2620"]
[TimeControl "180+1"]
[EndTime "10:39:15 PDT"]
[Termination "CheckThis4 won by checkmate"]

1. c4 e5 2. e4 Nc6 3. g3 Bc5 4. Bg2 d6 5. h3 h5 6. Ne2 h4 7.
g4 Nge7 8. d3 Ng6 9. O-O Qf6 10.
Nbc3 Be6 11. Nd5 Bxd5 12. cxd5 Nd4 13. Nxd4 Bxd4 14. g5 Qe7 15. Qg4 Qd7 16. Qf3 O-O-O 17. Be3 Kb8 18. Bxd4 exd4 19. Qd1 Nf4 20. Qf3 Ng6 21.
b4 Rdf8 22. Qd1 f6 23. f4 fxg5 24. fxg5 Nf4 25. Kh2 Qe7 26. Qg4 Nxd3 27. Qd1 Qe5+ 28. Kg1 Qg3 29. Rf3 Rxf3 30. Qxf3 Ne5 31. Qxg3 hxg3 32.
Rd1 d3 33. Bf1 Rh5 34. Bxd3 Rxg5 35. Kg2 a6 36. a4 Ng6 37. Rf1 Nh4+ 38. Kg1 g2 39. Rf2 Rg3 40. Be2 Rxh3 41. Bg4 Rh1# 0-1

[Event "*** Titled Tuesday Blitz"]
[Site "Chess.com"]
[Date "2021.03.30"]
[Round "4"]
[White "Deepweb2020"]
[Black "GianmarcoVaR"]
[Result "0-1"]
[WhiteElo "2520"]
[BlackElo "2763"]
[TimeControl "180+1"]
[EndTime "10:39:16 PDT"]
[Termination "GianmarcoVaR won by resignation"]

1. d4 Nf6 2. Bf4 g6 3. c4 Bg7 4.
e3 O-O 5. Nf3 d6 6. h3 c5 7. dxc5 Ne4 8. Qc2 Nxc5 9. Nc3 Bf5 10. Qd2 Qa5 11. Be2 Nb3 12. axb3 Qxa1+ 13. Bd1 Nc6 14. O-O Qa5 15. g4 Bd7 16. Bc2 h5 17. gxh5 Qxh5 18. Ng5 Bxh3 19. Nxh3 Qxh3 20. Be4 Ne5 21.
Qe2 e6 22. Bg2 Qf5 23. Ne4 Rfd8 24. Rd1 d5 25. Ng3 Qg4 26. f3 Qh4 27. Kf2 dxc4 28. bxc4 Rxd1 29. Qxd1 g5 30. Bxg5 Qxg5 31. f4 Ng4+ 32.
Kf3 Qh4 33. Qd7 Rd8 34. Qxb7 Nh2+ 35. Kf2 Rd2+ 36. Kg1 Qxg3 0-1

[Event "*** Titled Tuesday Blitz"]
[Site "Chess.com"]
[Date "2021.03.30"]
[Round "4"]
[White "SanchezKelvin"]
[Black "adriangschnitzer"]
[Result "0-1"]
[WhiteElo "2620"]
[BlackElo "2503"]
[TimeControl "180+1"]
[EndTime "10:39:16 PDT"]
[Termination "adriangschnitzer won by resignation"]

1. d4 Nf6 2. c4 c5 3. Nf3 cxd4 4. Nxd4 Nc6 5. Nc3 e6 6. g3 Qb6 7. Nxc6 Qxc6 8. f3 Qxc4 9. e4 Qc7 10. Nb5 Bb4+ 11. Bd2 Bxd2+ 12. Qxd2 Qb6 13. Nd6+ Ke7 14. Nc4 Qc7 15. e5 Nd5 16. Rc1 h6 17. Bd3 b5 18. Nd6 Qb6 19. Be4 Bb7 20. Qf2 Qxf2+ 21. Kxf2 Bc6 22. Rhd1 Rhb8 23. f4 Nb4 24. a3 Bxe4 25. axb4 Bd5 26. Ra1 Rb6 27. Ra5 a6 28. Rc1 Bc6 29. Ke3 f6 30. Rf1 Rf8 31. Raa1 fxe5 32. fxe5 Rbb8 33. Rxf8 Rxf8 34. Rxa6 Rf3+ 35.
Ke2 Rb3 36. Rb6 Rxb2+ 37. Ke3 Rb3+ 38. Kd2 Rxb4 39. Rb8 Rd4+ 40. Kc3 Rxd6 41. exd6+ Kxd6 42. Rg8 Kc5 43. Rxg7 b4+ 44. Kd2 Kc4 45. g4 b3 46.
Rf7 Be4 47. Rxd7 b2 48. Rc7+ Kd4 49. Rd7+ Ke5 0-1

[Event "*** Titled Tuesday Blitz"]
[Site "Chess.com"]
[Date "2021.03.30"]
[Round "4"]
[White "JiiHart"]
[Black "monikarozman"]
[Result "1-0"]
[WhiteElo "2048"]
[BlackElo "2240"]
[TimeControl "180+1"]
[EndTime "10:39:16 PDT"]
[Termination "JiiHart won by resignation"]

1. e4 c5 2. Nf3 Nc6 3. d4 cxd4 4.
Nxd4 Nf6 5. Nc3 e5 6. Ndb5 d6 7. Bg5 a6 8. Bxf6 gxf6 9. Na3 b5 10. Nd5 f5 11. Bd3 Be6 12. Qh5 Bg7 13. O-O-O Rc8 14. Kb1 f4 15. c3 Bf6 16. g3 Rg8 17. h3 fxg3 18. fxg3 Rxg3 19. Qxh7 b4 20. Nc4 Bxd5 21. exd5 Ne7 22. Rhg1 Rxg1 23. Rxg1 bxc3 24. bxc3 Rb8+ 25. Kc2 Qd7 26. Rg8+ Nxg8 27. Qxg8+ Ke7 28. Qxb8 Qxh3 29. Qc7+ Kf8 30. Qxd6+ Kg7 31. Qc5 Qg2+ 32. Kb3 e4 33. Bxe4 Qxe4 34. Nd6 Qe7 35. Nf5+ 1-0

[Event "*** Titled Tuesday Blitz"]
[Site "Chess.com"]
[Date "2021.03.30"]
[Round "4"]
[White "Tacticus_Severus"]
[Black "Perecke"]
[Result "1-0"]
[WhiteElo "2068"]
[BlackElo "2299"]
[TimeControl "180+1"]
[EndTime "10:39:17 PDT"]
[Termination "Tacticus_Severus won on time"]

1. e4 c5 2. Nf3 e6 3. d4 cxd4 4. Nxd4 Nc6 5. Nc3 Qc7 6. Be2 Nf6 7. O-O Be7 8. Be3 O-O 9. f4 d6 10. Kh1 b6 11. Nxc6 Qxc6 12. e5 dxe5 13. fxe5 Nd5 14.
Bf3 Bb7 15. Nxd5 exd5 16. Rc1 Bc5 17. Qd2 Qe6 18. Rfe1 d4 19. Bxd4 Bxf3 20. gxf3 Qd5 21. Re4 f6 22. exf6 Rxf6 23. Qe3 Raf8 24. Bxc5 Rxf3 25. Qd4 Qxc5 26. Qxc5 bxc5 27. Rce1 Rf2 28. R4e2 Rxe2 29. Rxe2 Rd8 30. Kg2 Rd1 31. a4 c4 32. Kf3 Rb1 33. c3 1-0

[Event "*** Titled Tuesday Blitz"]
[Site "Chess.com"]
[Date "2021.03.30"]
[Round "4"]
[White "hypert"]
[Black "OK97"]
[Result "0-1"]
[WhiteElo "2525"]
[BlackElo "2794"]
[TimeControl "180+1"]
[EndTime "10:39:18 PDT"]
[Termination "OK97 won by resignation"]

1. Nc3 d5 2. d3 e5 3. g3 d4 4. Nb1 Nf6 5. Bg2 h6 6. c3 Nc6 7. Nf3 Bd6 8. O-O O-O 9. b4 dxc3 10. b5 Nd4 11. Nxc3 a6 12. bxa6 Rxa6 13. Nxd4 exd4 14.
Nb5 Bc5 15. a4 c6 16. Na3 Nd5 17. Bb2 Qe7 18. Nc4 Re8 19. Re1 Bb4 20. Rf1 Nc3 21. Bxc3 Bxc3 22. Ra2 b5 23. Nd2 Qxe2 24. Rc2 Qxd1 25. Rxd1 bxa4 26. Ne4 Bb4 27. Nc5 Bxc5 28. Rxc5 Bd7 29. Ra1 a3 30. Bf3 a2 31. Rc2 Be6 32. Kg2 Rb8 33. Rcc1 Rb2 34. Bd1 Rd2 35. Bc2 Rb6 36.
Kf1 Rb2 37. Ke1 Rdxc2 0-1

[Event "*** Titled Tuesday Blitz"]
[Site "Chess.com"]
[Date "2021.03.30"]
[Round "4"]
[White "Ranindu2003"]
[Black "Oglob71"]
[Result "1-0"]
[WhiteElo "2595"]
[BlackElo "2399"]
[TimeControl "180+1"]
[EndTime "10:39:18 PDT"]
[Termination "Ranindu2003 won by checkmate"]

1. d4 Nf6 2. Bf4 e6 3. e3 b6 4.
Nf3 Bb7 5. Nbd2 Be7 6. h3 O-O 7.
Bd3 c5 8. c3 d5 9. O-O Nc6 10.
Qe2 a6 11. Ne5 b5 12. Rad1 Qb6 13. Bh2 Nxe5 14. dxe5 Ne4 15. Bxe4 dxe4 16. Qg4 Qc6 17. Bf4 Rfd8 18. Rfe1 Rd3 19. Nf1 Rad8 20. Ng3 Bf8 21. Nh5 Rxd1 22. Rxd1 Rxd1+ 23. Qxd1 Qd5 24. Qg4 Kh8 25. Qh4 Qd7 26. Qg4 a5 27. Ng3 b4 28.
h4 h6 29. Nh5 Qd8 30. Kh2 a4 31. cxb4 cxb4 32. Kh3 Bd5 33. a3 bxa3 34. bxa3 Qe7 35. Bg5 Qxa3 36. Bd8 Qc5 37. Qf4 Qa7 38. Bf6 Qb8 39.
Qxh6+ Kg8 40. Bxg7 f5 41. Qg6 Qe8 42. Qxe8 Kh7 43.
Qxf8 Kg6 44. Qf6+ Kh7 45. Bh6 f4 46. Qg7# 1-0

[Event "*** Titled Tuesday Blitz"]
[Site "Chess.com"]
[Date "2021.03.30"]
[Round "4"]
[White "Schwarzschidl"]
[Black "lukazz029"]
[Result "1-0"]
[WhiteElo "2489"]
[BlackElo "2167"]
[TimeControl "180+1"]
[EndTime "10:39:19 PDT"]
[Termination "Schwarzschidl won by checkmate"]

1. e4 c5 2. Nf3 d6 3. d4 cxd4 4. Nxd4 Nf6 5. Nc3 a6 6. Bg5 e6 7. f3 Qc7 8. Qd2 Nbd7 9. O-O-O b5 10. g4 Nb6 11. h4 Nfd7 12. Bd3 Ne5 13. Kb1 Rb8 14. Qg2 Nec4 15. Bc1 b4 16. Nce2 Be7 17. g5 Na4 18. h5 e5 19. Nb3 Be6 20. f4 exf4 21.
Nxf4 a5 22. g6 Nab6 23. Nd4 Na3+ 24. Ka1 Nac4 25. Nfxe6 fxe6 26. Nxe6 Qd7 27. Nxg7+ Kd8 28. Nf5 Bf6 29. g7 Rg8 30. Bg5 Qe6 31. Bxc4 Nxc4 32. Bxf6+ Qxf6 33. Rd4 Ne3 34. Qf2 Nxf5 35. exf5 Rxg7 36.
Rhd1 Kc7 37. Rxd6 Qe6 38. Rxe6 Rd7 39. Qc5+ Kd8 40. Rxd7+ Kxd7 41. Re7+ Kd8 42. Qc7# 1-0

[Event "*** Titled Tuesday Blitz"]
[Site "Chess.com"]
[Date "2021.03.30"]
[Round "4"]
[White "PavelChernomordik"]
[Black "Vincent_Vega95"]
[Result "0-1"]
[WhiteElo "2368"]
[BlackElo "2724"]
[TimeControl "180+1"]
[EndTime "10:39:19 PDT"]
[Termination "Vincent_Vega95 won on time"]

1. e4 c5 2. Nc3 e6 3. f4 d5 4. Nf3 Nf6 5. e5 Nfd7 6. g3 Be7 7.
Bg2 O-O 8. O-O Nc6 9. Qe2 Rb8 10. d3 b5 11. f5 b4 12. fxe6 fxe6 13. Nd1 Nd4 14.
Nxd4 Rxf1+ 15. Bxf1 cxd4 16. Bh3 Nf8 17. Nf2 Ng6 18. Bd2 Qc7 19. Bf4 Bd7 20. Bg2 Rf8 21. Nh3 a5 22. Rf1 a4 23. Rf2 Rf5 24. g4 Nxf4 25. Nxf4 Rxe5 26. Qf3 Re3 27. Nxd5 Rxf3 28. Nxc7 Rxf2 29. Kxf2 Bd6 30. Na8 Bc5 31. Nc7 Kf7 32.
Na6 Bd6 33. Bb7 Kf6 34. h4 Ke5 35. Kf3 Be8 36. h5 g6 37. h6 g5 38. Be4 Kf6 39. Bxh7 Bb5 40. Be4 Bxa6 41. Bc6 b3 42. axb3 axb3 43. cxb3 Bxd3 44. Be4 Bxe4+ 45. Kxe4 e5 46.
b4 Bxb4 47. b3 Kg6 0-1

[Event "*** Titled Tuesday Blitz"]
[Site "Chess.com"]
[Date "2021.03.30"]
[Round "4"]
[White "Kolle05"]
[Black "c63_amg"]
[Result "0-1"]
[WhiteElo "2366"]
[BlackElo "2705"]
[TimeControl "180+1"]
[EndTime "10:39:19 PDT"]
[Termination "c63_amg won by resignation"]

1. e4 c5 2. Nf3 d6 3. Bb5+ Nd7 4. O-O a6 5. Bd3 Ngf6 6. Re1 g6 7. c3 Bg7 8. Bc2 O-O 9. d4 cxd4 10. cxd4 b5 11. Nbd2 Bb7 12. a4 Qb6 13. a5 Qc7 14.
Nb3 Rac8 15. Bd3 e5 16. Bg5 h6 17. Rc1 Qb8 18. Bd2 Nh5 19. Bb1 Nf4 20. Bxf4 exf4 21.
Qd2 g5 22. h4 Rxc1 23. Rxc1 Qd8 24. hxg5 hxg5 25. Nh2 Nf6 26. f3 Qd7 27. d5 Rc8 28. Rxc8+ Qxc8 29. Qc2 Qd8 30. Nf1 Nd7 31. Nfd2 Ne5 32.
Nd4 Qxa5 33. Kh2 Qd8 34. N2b3 g4 35. Kg1 Qh4 36. Nc6 Qe1+ 37. Kh2 g3+ 38. Kh3 0-1